 Dungeon Crawl Stone Soup version 0.26.0-7-g794d0892b4 (webtiles) character file.

Game seed: 12181356969221708292

310 Lekan the Skirmisher (level 6, 0/52 HPs)
             Began as a Draconian Fighter on Jan 11, 2021.
             Was a Believer of Ru.
             Slain by an iron imp (3 damage)
             ... summoned by Eustachio
             ... on level 4 of the Dungeon.
             The game lasted 00:21:45 (4771 turns).

Lekan the Skirmisher (Draconian Fighter)            Turns: 4771, Time: 00:21:46

Health: 0/52       AC:  7    Str: 19      XL:     6   Next: 18%
Magic:  6/6        EV: 11    Int:  8      God:    Ru [**....]
Gold:   173        SH:  9    Dex:  8 (12) Spells: 5/5 levels left

rFire    x . .     SeeInvis .   j - +0 hand axe (flame)
rCold    x . .     Faith    .   b - +0 kite shield
rNeg     . . .     Spirit   .   (armour unavailable)
rPois    .         Reflect  .   (helmet restricted)
rElec    .         Harm     .   (no cloak)
rCorr    .         Rampage  .   g - +0 pair of gloves
Will     .....                  (no boots)
Stlth    +.........             (no amulet)
HPRegen  0.17/turn              (no ring)
MPRegen  0.10/turn              (no ring)

@: no status effects
A: unfitting armour, cold-blooded, temperature sensitive, AC +6
a: Renounce Religion


You were on level 4 of the Dungeon.
You worshipped Ru.
Ru was pleased with you.
You visited 1 branch of the dungeon, and saw 4 of its levels.

You collected 173 gold pieces.

Inventory:

Hand Weapons
 a - a +0 war axe
 j - a +0 hand axe of flaming (weapon)
Armour
 b - a +0 kite shield (worn)
 g - a +0 pair of gloves (worn)
Jewellery
 k - an uncursed ring of resist corrosion
Wands
 t - a wand of disintegration (17) (quivered)
 v - a wand of digging (6)
Scrolls
 e - a scroll of teleportation {unknown}
 f - 5 scrolls of identify {unknown}
 h - a scroll of amnesia {unknown}
 i - a scroll of noise {unknown}
 l - 2 scrolls of remove curse {unknown}
 o - a scroll of enchant weapon {unknown}
 q - 2 scrolls of magic mapping {unknown}
 r - 4 scrolls of fear {unknown}
 s - a scroll of enchant armour {unknown}
Potions
 c - 2 potions of might
 d - a potion of curing {unknown}
 m - a potion of flight {unknown}
 n - a potion of brilliance {unknown}
 p - a potion of heal wounds {unknown}
 u - a potion of invisibility {unknown}


   Skills:
 + Level 4.1 Fighting
 + Level 4.1 Axes
 + Level 3.7 Dodging
 + Level 1.4 Stealth
 + Level 4.1 Shields


You had 5 spell levels left.
You didn't know any spells.
Your spell library was empty.

Dungeon Overview and Level Annotations

Branches:
Dungeon (4/15)
 Temple: D:4-7

Altars:
Ashenzari
Ru
The Shining One

Annotations:
D:4 Eustachio


Innate Abilities, Weirdness & Mutations

Your plain brown scales are hard. (AC +6)
You cannot fit into any form of body armour.
You are cold-blooded and may be slowed by cold attacks.
You are sensitive to extremes of temperature. (rF-, rC-)


Message History

You barely miss the iron imp.
The bat is stunned by your conviction and fails to attack.
You block the bat's attack. The river rat barely misses you.
The iron imp hits you. The river rat barely misses you.
You slash the river rat! You burn the river rat.
You kill the river rat!
The river rat's corpse disappears in a puff of smoke!
You closely miss the crimson imp. You hit the river rat but do no damage.
You hit the iron imp. The bat closely misses you.
The crimson imp is stunned by your conviction and fails to attack.
The river rat bites you!
* * * LOW HITPOINT WARNING * * *
The iron imp spits at you.
The iron imp hits you but does no damage.
The bat closely misses you. You block the crimson imp's attack.
The river rat bites you!
* * * LOW HITPOINT WARNING * * *
Eustachio gestures wildly while chanting.
Eustachio blinks!
The iron imp barely misses you. The iron imp hits you.
You die...

######.#.######
................
#####.#.#.###.##
#.#.....# #
########...#.#.#.#
#......§#..#.#.#.#
#.......#........#
#5§5....#..#...#.#
##@r....'......#.#
#.5....##.###.#+##
#b..@..##..##.....
#......##..##.....
#......##..##.....
#......##..##..<..
#......##..####'##
#......##..# #....
#.#...###..# #....


You could see Eustachio, 2 iron imps, a crimson imp (summoned), a river rat
(summoned) and a bat (summoned).

Vanquished Creatures
  A jelly (D:2)
  4 orc wizards
  An orc priest (D:3)
  3 gnolls (D:2)
  An adder (D:4)
  An adder skeleton (D:4)
  2 worms (D:2)
  A dart slug (D:3)
  4 leopard geckos
  7 orcs
  A giant cockroach (D:3)
  4 goblins
  8 hobgoblins
  3 kobolds
  6 ball pythons
  3 bats
  12 frilled lizards
  12 rats
74 creatures vanquished.

Notes
Turn   | Place    | Note
-------+----------+-------------------------------------------
     0 | D:1      | Lekan the Draconian Fighter began the quest for the Orb.
     0 | D:1      | Reached XP level 1. HP: 19/19 MP: 1/1
   129 | D:1      | Reached XP level 2. HP: 22/26 MP: 2/2
  1247 | D:2      | Found a broken altar of Ashenzari.
  1291 | D:2      | Reached XP level 3. HP: 22/31 MP: 3/3
  1738 | D:2      | Found a sacrificial altar of Ru.
  1751 | D:2      | Became a worshipper of Ru the Awakened
  1885 | D:2      | Found a glowing golden altar of the Shining One.
  2146 | D:2      | Reached skill level 1 in Stealth
  2146 | D:2      | Reached XP level 4. HP: 33/40 MP: 4/4
  2433 | D:3      | Reached XP level 5. HP: 15/46 MP: 5/5
  3763 | D:4      | Reached XP level 6. HP: 39/52 MP: 6/6
  3901 | D:4      | Noticed Eustachio
  4738 | D:3      | Gained mutation: You are sensitive to extremes of
                  | temperature. (rF-, rC-) [Ru sacrifice]
  4738 | D:3      | Reached * piety under Ru
  4738 | D:3      | Reached ** piety under Ru
  4771 | D:4      | Slain by an iron imp

Illustrated notes

Levels and vault maps discovered:
D:1:      onia_arrival_handbag, layout_loops_ring, minmay_statues_item,
          minmay_lizard_pond
D:2:      layout_basic, evilmike_ruin_ashenzari, marbit_many_paths,
          nicolae_tso_carved_into_rock
D:3:      layout_basic, portal_sewer_entry_e, chequers_serial_rivers_micro_d
D:4:      layout_basic, minmay_temple_entry_fiery, uniq_natasha, uniq_edmund,
          uniq_eustachio

Skill      XL: |  1  2  3  4  5 |
---------------+----------------+-----
Dodging        | 3 |  3.7
Axes           | 3 4 |  4.1
Stealth        | 1 |  1.4
Fighting       | 4 |  4.1
Shields        | 4 |  4.1

Action                   |  1- 3 |  4- 6 || total
-------------------------+-------+-------++-------
Melee: War axe           |    56 |       ||    56
       Tailslap          |    17 |    27 ||    44
       Hand axe          |    71 |   231 ||   302
Invok: Sacrifice Resista |       |     1 ||     1
 Stab: Sleeping          |     2 |     3 ||     5
Armor: Skin              |    30 |   138 ||   168
Dodge: Dodged            |    54 |   164 ||   218
Block: Kite shield       |    50 |   193 ||   243
